 Dungeon Crawl Stone Soup version 0.16.1-14-g82efdee (webtiles) character file.

22 karlm the Sneak (level 2, 0/22 HPs)
             Began as a Naga Wizard on Apr 11, 2015.
             Slain by a jackal (1 damage)
             ... on level 1 of the Dungeon.
             The game lasted 00:02:29 (668 turns).

karlm the Sneak (Naga Wizard)                        Turns: 668, Time: 00:02:29

Health: 0/22       AC:  1    Str:  9    XL:     2   Next: 91%
Magic:  1/6        EV:  9    Int: 18    God:
Gold:   23         SH:  0    Dex:  9    Spells: 2 memorised, 4 levels left

rFire  . . .     SeeInvis +     h - +0 short sword
rCold  . . .     Clarity  .     a - +0 robe
rNeg   . . .     SustAb   .     (no shield)
rPois  +         Gourm    .     b - +0 hat
rElec  .         Spirit   .     (no cloak)
rCorr  .         Warding  .     (no gloves)
rMut   .         Stasis   .     (no barding)
MR     .....                    (no amulet)
Stlth  ++........               (no ring)
                                (no ring)

@: short of breath, very slightly contaminated, very slow, not resistant to
hostile enchantments, unstealthy
A: spit poison, see invisible, deformed body, poison resistance, slowness 2
a: Spit Poison


You were on level 1 of the Dungeon.
You were not hungry.

You visited 1 branch of the dungeon, and saw 1 of its levels.

You collected 23 gold pieces.

Inventory:

Hand weapons
 h - a +0 short sword (weapon)
Armour
 a - a +0 robe (worn)
 b - a +0 hat (worn)
Scrolls
 e - a scroll of fear {unknown}
 g - a scroll of recharging {unknown}
 i - 2 scrolls of teleportation {unknown}
 j - 2 scrolls of noise {unknown}
Potions
 k - a potion of heal wounds {unknown}
 l - a potion of agility {unknown}
Books
 c - a book of Minor Magic

   Spells                             Type                      Level
   a - Magic Dart                     Conjuration                  1
   b - Blink                          Translocation                2
   c - Call Imp                       Summoning                    2
   d - Repel Missiles                 Charms/Air                   2
   e - Slow                           Hexes                        2
   f - Conjure Flame                  Conjuration/Fire             3
   g - Mephitic Cloud                 Conjuration/Poison/Air       3
Comestibles
 d - a bread ration
 f - 2 chunks of flesh
 m - a slice of pizza


   Skills:
 - Level 1.5 Dodging
 - Level 3.0 Stealth
 - Level 3.0 Spellcasting
 - Level 2.0 Conjurations
 + Level 2.0 Summonings
   Level 1.0 Translocations


You had 4 spell levels left.
You knew the following spells:

 Your Spells              Type           Power        Failure   Level  Hunger
a - Magic Dart            Conj           #...         10%         1    None
b - Call Imp              Summ           ##......     12%         2    ##.....


Dungeon Overview and Level Annotations

Branches:
Dungeon (1/15)

Altars:


Innate Abilities, Weirdness & Mutations

You cannot wear boots.
You can spit poison.
You have supernaturally acute eyesight.
Armour fits poorly on your strangely shaped body.
Your system is resistant to poisons.
You cover ground very slowly.


Message History

* * * LOW HITPOINT WARNING * * *
The jackal closely misses you. The jackal barely misses you.
The bat closely misses you.
Use which ability? (? or * to list)
Press: ? - help, Shift-Dir - straight line, f/p - bat
Aim: a bat The splash of poison hits the bat.
The bat is poisoned.
The bat is severely wounded.
You feel slightly more hungry. The bat barely misses you.
The jackal closely misses you. x2
Unknown command.
Casting: Call Imp
Confirm with . or Enter, or press ? or * to list all spells.
Aiming: Magic Dart
Press: ? - help, Shift-Dir - straight line, f/p - bat
Aim: a bat (severely wounded, poisoned)
The magic dart hits the bat.
You kill the bat!
The jackal bites you.
You die...

####.........#
#.....# #.........#
#.....# #.........#
#.....# #.........#
#..#.## #.........#
#..#.## #.........#
#......
#.........####.##.##
#..h............#.##
###@##########..#)..
#......# #....#.
#.####.######.#...
#................#
#########.###.....
#.###.[..#
#.##...###
#.##......
#.#....###


You could see a jackal.

Vanquished Creatures
  6 hobgoblins (D:1)
  A kobold (D:1)
  A ball python (D:1)
  2 bats (D:1)
  A giant cockroach (D:1)
  5 goblins (D:1)
  A jackal (D:1)
  2 rats (D:1)
19 creatures vanquished.

Vanquished Creatures (collateral kills)
  2 jackals (D:1)
2 creatures vanquished.

Grand Total: 21 creatures vanquished

Notes
Turn   | Place    | Note
--------------------------------------------------------------
     0 | D:1      | karlm, the Naga Wizard, began the quest for the Orb.
     0 | D:1      | Reached XP level 1. HP: 15/15 MP: 4/4
   170 | D:1      | Reached XP level 2. HP: 22/22 MP: 6/6
   180 | D:1      | Learned a level 2 spell: Call Imp
   665 | D:1      | HP: 1/22 [bat (1)]
   668 | D:1      | Slain by a jackal

Action                   || total
-------------------------++-------
 Cast: Magic Dart        ||    22
       Call Imp          ||     1
 Abil: Spit Poison       ||    21
